Get step-by-step instructions on how to execute this build order below. Start the game timer, and the build order will tick by so you can play in parallel with StarCraft on a second screen or mobile device.

Game Time

  0:00

Last Step

  N/A

Next Step

Upcoming Step



Don't want to look back and forth between 2 screens? Try out our Overwolf App, the Spawning Tool Build Advisor to get an in-game overlay with this build!

Complete Build Order

  12  0:00  Probe  
  13  0:12  Probe  
  14  0:17  Pylon  
  14  0:24  Probe (Chrono Boost)  
  15  0:36  Gateway, Probe (Chrono Boost)  
  16  0:45  Assimilator, Probe (Chrono Boost)  
  17  0:51  Probe  
  18  1:03  Probe  
  19  1:15  Probe  
  20  1:22  Cybernetics Core  
  20  1:32  Nexus  
  20  1:39  Pylon  
  20  1:40  Probe  
  20  1:45  Assimilator  
  21  1:53  Probe  
  22  1:56  Adept (Chrono Boost)  
  22  1:59  Warp Gate  
  24  2:05  Probe  
  25  2:16  Stalker (Chrono Boost)  
  25  2:17  Probe  
  28  2:29  Probe  
  29  2:33  Twilight Council  
  29  2:41  Probe  
  30  2:45  Probe  
  30  2:57  Probe (Chrono Boost)  
  30  3:00  Probe (Chrono Boost)  
  30  3:05  Gateway  
  30  3:07  Robotics Facility  
  30  3:09  Probe (Chrono Boost)  
  30  3:12  Probe (Chrono Boost)  
  32  3:15  Probe (Chrono Boost)  
  32  3:18  Blink  
  34  3:20  Probe (Chrono Boost)  
  34  3:26  Probe (Chrono Boost)  
  35  3:27  Probe (Chrono Boost)  
  35  3:32  Pylon  
  36  3:36  Probe  
  36  3:39  Probe  
  38  3:48  Probe, Stalker  
  41  3:52  Nexus  
  41  3:54  Probe  
  42  3:56  Observer (Chrono Boost)  
  42  3:59  Stalker  
  45  4:03  Pylon  
  45  4:05  Probe  
  45  4:09  Pylon  
  46  4:10  Observer (Chrono Boost)  
  46  4:16  Probe (Chrono Boost), Stalker  
  49  4:19  Probe (Chrono Boost)  
  49  4:20  Pylon  
  50  4:26  Stalker  
  50  4:29  Probe (Chrono Boost)  
  50  4:30  Probe (Chrono Boost)  
  54  4:34  Probe (Chrono Boost)  
  54  4:38  Probe  
  56  4:42  Assimilator  
  56  4:43  Assimilator  
  56  4:46  Probe  
  56  4:50  Probe  
  56  4:52  Robotics Bay  
  58  4:53  Forge  
  58  4:58  Probe (Chrono Boost)  
  59  5:06  Probe x2 (Chrono Boost)  
  61  5:10  Probe (Chrono Boost)  
  62  5:14  Gateway x2  
  62  5:16  Probe (Chrono Boost)  
  62  5:17  Probe (Chrono Boost)  
  62  5:18  Sentry, Probe (Chrono Boost)  
  62  5:20  Shield Battery  
  62  5:21  Probe (Chrono Boost)  
  67  5:24  Probe  
  67  5:26  Probe  
  70  5:32  Probe  
  71  5:36  Probe  
  71  5:37  Gateway x2  
  71  5:38  Probe, Colossus (Chrono Boost)  
  79  5:44  Probe  
  79  5:48  Gateway, Probe  
  81  5:51  Gateway  
  81  5:57  Stalker  
  83  6:04  Stalker  
  83  6:05  Probe  
  83  6:09  Probe  
  87  6:22  Probe  
  87  6:24  Pylon  
  87  6:25  Assimilator  
  88  6:27  Photon Cannon, Shield Battery  
  88  6:28  Assimilator  
  88  6:32  Zealot x2  
  92  6:34  Pylon  
  92  6:37  Pylon  
  92  6:40  Observer  
  92  6:46  Probe  
  96  6:49  Probe x2  
  92  7:07  Zealot  
  92  7:08  Zealot x2, Stalker x5